 Dungeon Crawl Stone Soup version 0.18.1-8-gdd0e5ea (webtiles) character file.

19495 stauk the Slicer (level 13, -7/86 HPs)
             Began as a Kobold Berserker on May 20, 2016.
             Was a High Priest of Trog.
             Mangled by a small abomination (8 damage)
             ... on level 1 of the Abyss on May 22, 2016.
             The game lasted 02:34:11 (16879 turns).

stauk the Slicer (Kobold Berserker)                Turns: 16879, Time: 02:34:12

Health: -7/86      AC: 17    Str: 15    XL:     13   Next: 5%
Magic:  6/6        EV: 12    Int:  5    God:    Trog [*****.]
Gold:   655        SH:  7    Dex: 21    Spells: 0 memorised, 12 levels left

rFire  . . .     SeeInvis .     s - +4 rapier (antimagic)
rCold  + . .     Gourm    .     t - +1 plate armour
rNeg   . . .     Faith    .     I - +0 buckler
rPois  .         Spirit   .     W - +2 helmet
rElec  .         Dismiss  .     (no cloak)
rCorr  +         Reflect  .     (no gloves)
SustAt .         Harm     .     (no boots)
MR     .....                    q - amulet of rage
Stlth  ..........               m - ring of protection from cold
                                i - ring of resist corrosion

@: exhausted, slowed, very slow, not resistant to hostile enchantments,
extremely unstealthy
A: carnivore 3
a: Berserk, Trog's Hand, Brothers in Arms, Burn Spellbooks, Renounce Religion,
Evoke Berserk Rage


You were on level 1 of the Abyss.
You worshipped Trog.
Trog was extremely pleased with you.
You were not hungry.

You visited 3 branches of the dungeon, and saw 14 of its levels.
You visited the Abyss 1 time.
You also visited: Ossuary.

You collected 655 gold pieces.

Inventory:

Hand Weapons
 f - a +0 blowgun
 j - a +2 short sword of venom
 s - a +4 antimagic rapier (weapon)
 D - the +5 quick blade "Tillo" {pierce, +Fly rF+ Int+3 SInv, unknown}
   (Trog gifted it to you on level 11 of the Dungeon)

   It inflicts extra damage upon your enemies.
   It affects your intelligence (+3).
   It protects you from fire.
   It lets you see invisible.
   It lets you fly.
 M - a +0 shortbow
Missiles
 z - 230 arrows
 C - 27 poisoned needles
 R - 5 curare-tipped needles
Armour
 a - a +0 ring mail of fire resistance
 t - a +1 plate armour (worn)
 I - a +0 buckler (worn)
 P - a +2 hat
 W - a +2 helmet (worn)
Jewellery
 i - a ring of resist corrosion (left hand)
 k - a +3 ring of evasion
 m - a ring of protection from cold (right hand)
 n - an uncursed ring of ice
 q - an amulet of rage (around neck)
Wands
 e - a wand of flame (21/48)
 o - a wand of lightning (2/15)
 p - a wand of flame (11/48)
 y - a wand of iceblast (9/15)
 T - a wand of acid (8/15)
 X - a wand of disintegration (20/24)
 Z - a wand of lightning (2/15)
Scrolls
 g - 2 scrolls of summoning
 l - 3 scrolls of teleportation
 v - 7 scrolls of identify
 w - 2 scrolls of immolation {unknown}
 A - a scroll of magic mapping
 G - a scroll of holy word {unknown}
 L - 2 scrolls of fear
 O - a scroll of enchant weapon
 Q - a scroll of recharging
 V - 3 scrolls of remove curse
 Y - 2 scrolls of enchant armour
Potions
 b - a potion of berserk rage {unknown}
 h - 2 potions of heal wounds
 r - a potion of cancellation
 u - 6 potions of curing
 x - a potion of magic
 F - a potion of flight
 H - 2 potions of haste
 K - a potion of brilliance
 N - a potion of agility {unknown}
Books
 d - an Akashic Record

   Spells                             Type                      Level
   a - Dispersal                      Translocation                6
   b - Malign Gateway                 Summoning/Translocation      7
   c - Disjunction                    Translocation                8
   d - Controlled Blink               Translocation                8
   Trog disapproves of the use of such an item.
Miscellaneous
 E - an ornate deck of defence
Comestibles
 c - 5 meat rations
 B - 4 slices of pizza
 J - 4 beef jerkies
 S - 11 royal jellies


   Skills:
 * Level 12.0 Fighting
 * Level 13.6 Short Blades
 + Level 6.7 Armour
 + Level 9.8 Dodging
 + Level 4.1 Shields
 + Level 9.0 Evocations


You had 12 spell levels left.
You didn't know any spells.

Dungeon Overview and Level Annotations

Branches:
Dungeon (11/15)            Temple (1/1) D:6            Lair (2/8) D:11
    Orc: D:9-12

Altars:
Ashenzari
Makhleb
Nemelex Xobeh
Okawaru
Ru
Vehumet
Xom
Yredelemnul
The Shining One
Jiyva

Annotations:
Lair:2 Sonja


Innate Abilities, Weirdness & Mutations

You are small and have problems with some larger weapons.
You are carnivorous and can eat meat at any time.


Message History

The floor.
The small abomination hits you!
* * * LOW HITPOINT WARNING * * *
You hit the small abomination but do no damage.
The small abomination barely misses you.
Your plate armour prevents you from hitting the small abomination.
The small abomination closely misses you.
You hit the small abomination but do no damage.
The small abomination hits you!
* * * LOW HITPOINT WARNING * * *
You puncture the small abomination!
The small abomination is moderately damaged.
The small abomination hits you.
* * * LOW HITPOINT WARNING * * *
You closely miss the small abomination.
The small abomination is moderately damaged.
You hit the small abomination but do no damage.
The small abomination is moderately damaged.
The small abomination hits you!
You die...

.. #.##
...# ...
..# ..#
###..#
#@..#.#
#x...#
#....##
.$...##
....####
.#...# #
. ..#
..# ...#
# . #..
#≈≈


You could see a small abomination.

Vanquished Creatures
  Gastronok (Lair:2)
  A hydra (Lair:2)
  Erolcha (D:8)
  Pikel (D:9)
  2 hill giants (D:10)
  A griffon (Lair:2)
  A gargoyle (D:10)
  A spiny frog (Lair:1)
  A rime drake (Lair:1)
  2 komodo dragons (Lair:1)
  7 trolls
  5 blink frogs (Lair:1)
  A slime creature (D:10)
  A wraith (Ossuary)
  11 yaks
  The ghost of zkyp the Skirmisher, an amateur HOAE (D:3)
  3 basilisks (D:11)
  A hippogriff (Lair:1)
  A hungry ghost (D:10)
  4 water moccasins
  8 porcupines
  2 sky beasts
  2 phantoms
  4 orc warriors
  4 ice beasts
  7 ogres
  7 centaurs
  3 crocodiles
  2 big kobolds
  9 giant frogs
  A gnoll sergeant (D:6)
  3 scorpions
  15 killer bees
  10 wights
  An electric eel (D:6)
  4 howler monkeys
  4 crimson imps
  A centaur zombie (D:6)
  A giant frog zombie (D:8)
  9 jellies
  8 hounds
  11 orc wizards
  3 orc priests
  A centaur skeleton (D:10)
  6 iguanas
  Natasha (thrice) (D:4)
  3 worker ants
  17 sheep
  A mummy (Ossuary)
  2 hound skeletons
  2 worker ant zombies
  16 adders
  8 gnolls
  A howler monkey skeleton (D:6)
  9 river rats (Lair:1)
  A shadow imp (D:8)
  7 oozes
  4 worms
  3 dart slugs
  4 giant geckos
  30 orcs
  A ball python (D:6)
  6 giant cockroaches
  7 goblins
  6 hobgoblins
  7 jackals
  19 kobolds
  6 quokkas
  8 bats
  4 giant gecko skeletons
  4 giant newts
  9 gnoll skeletons (Ossuary)
  A jackal zombie (D:6)
  3 kobold skeletons (Ossuary)
  13 orc skeletons (Ossuary)
  A quokka skeleton (D:5)
  A quokka zombie (D:5)
  6 rats
386 creatures vanquished.

Vanquished Creatures (others)
  4 slaves (D:9)
  A jelly (D:9)
  A bush (D:11)
  2 fungi
  6 plants
14 creatures vanquished.

Grand Total: 400 creatures vanquished

Notes
Turn   | Place    | Note
--------------------------------------------------------------
     0 | D:1      | stauk the Kobold Berserker began the quest for the Orb.
     0 | D:1      | Reached XP level 1. HP: 14/14 MP: 1/1
    92 | D:1      | Reached XP level 2. HP: 19/19 MP: 2/2
   175 | D:1      | Found a shattered altar of Ashenzari.
   277 | D:1      | Reached XP level 3. HP: 17/23 MP: 3/3
   987 | D:2      | Reached XP level 4. HP: 29/29 MP: 4/4
  1084 | D:2      | Reached ** piety under Trog
  1614 | D:2      | Reached XP level 5. HP: 33/33 MP: 5/5
  1731 | D:2      | Found a radiant altar of Vehumet.
  2225 | D:4      | Noticed Natasha
  2231 | D:4      | Killed Natasha
  2231 | D:4      | Reached skill level 5 in Short Blades
  2231 | D:4      | Reached skill level 1 in Evocations
  2443 | D:4      | Noticed Natasha
  2470 | D:4      | Reached XP level 6. HP: 39/39 MP: 7/7
  2534 | D:4      | Killed Natasha
  2595 | D:4      | Noticed Natasha
  2636 | D:3      | Reached skill level 5 in Fighting
  2763 | D:4      | Killed Natasha
  2763 | D:4      | Reached *** piety under Trog
  2763 | D:4      | Reached XP level 7. HP: 44/44 MP: 8/8
  3218 | D:4      | Reached skill level 6 in Short Blades
  3363 | D:4      | Found a sparkling altar of Nemelex Xobeh.
  3363 | D:4      | Found a shattered altar of Ashenzari.
  3946 | D:5      | Entered Level 5 of the Dungeon
  4054 | D:5      | Reached XP level 8. HP: 51/51 MP: 10/10
  4760 | D:3      | Noticed zkyp's ghost (amateur HOAE)
  4771 | D:3      | Killed zkyp's ghost
  4771 | D:3      | Reached skill level 7 in Short Blades
  4771 | D:3      | Reached skill level 5 in Dodging
  4795 | D:3      | Reached **** piety under Trog
  5730 | D:6      | Reached skill level 8 in Short Blades
  5798 | D:6      | Reached XP level 9. HP: 56/56 MP: 12/12
  6184 | D:6      | Found a staircase to the Ecumenical Temple.
  6215 | Temple   | Entered the Ecumenical Temple
  6596 | D:6      | Reached skill level 9 in Short Blades
  6600 | D:6      | Reached skill level 5 in Evocations
  7332 | D:7      | Found a burning altar of Makhleb.
  7506 | D:8      | Noticed Erolcha
  7529 | D:8      | Killed Erolcha
  7529 | D:8      | Reached skill level 10 in Short Blades
  7529 | D:8      | Reached XP level 10. HP: 18/64 MP: 14/14
  7843 | D:8      | Found a sand-covered staircase.
  7857 | Ossuary  | Entered an ossuary
  8422 | D:8      | Reached skill level 5 in Armour
  8644 | D:8      | Reached ***** piety under Trog
  9280 | D:8      | Found an iron altar of Okawaru.
  9280 | D:8      | Found a basalt altar of Yredelemnul.
  9807 | D:8      | Found a sacrificial altar of Ru.
  9809 | D:8      | Found a shimmering altar of Xom.
  9921 | D:9      | Reached skill level 11 in Short Blades
 10197 | D:9      | Reached skill level 1 in Shields
 10341 | D:9      | Reached XP level 11. HP: 71/71 MP: 16/16
 10429 | D:9      | Noticed Pikel
 10450 | D:9      | Killed Pikel
 10496 | D:9      | Upgraded the game from 0.18.1-6-gd335043 to 0.18.1-8-gdd0e5ea
 10706 | D:9      | Reached skill level 10 in Fighting
 11510 | D:9      | Found a glowing golden altar of the Shining One.
 11677 | D:9      | Reached skill level 12 in Short Blades
 11802 | D:10     | Entered Level 10 of the Dungeon
 11820 | D:10     | Received a gift from Trog
 12888 | D:10     | Noticed a hill giant
 12901 | D:10     | Killed a hill giant
 13135 | D:10     | Found a viscous altar of Jiyva.
 13491 | D:10     | Reached XP level 12. HP: 72/79 MP: 5/17
 14294 | D:11     | Received a gift from Trog
 14304 | D:11     | Got a polished quick blade {god gift}
 14548 | D:11     | Reached skill level 13 in Short Blades
 14767 | D:11     | Found a staircase to the Lair.
 14809 | Lair:1   | Entered Level 1 of the Lair of Beasts
 16369 | Lair:2   | Noticed Gastronok
 16419 | Lair:2   | Killed Gastronok
 16730 | Lair:2   | Noticed a five-headed hydra
 16745 | Lair:2   | Killed a five-headed hydra
 16745 | Lair:2   | Reached XP level 13. HP: 86/86 MP: 6/19
 16824 | Lair:2   | Noticed Sonja
 16842 | Lair:2   | Cast into level 1 of the Abyss (Sonja)
 16876 | Abyss:1  | HP: 1/86 [small abomination (14)]
 16879 | Abyss:1  | Mangled by a small abomination

Skill      XL: |  1  2  3  4  5  6  7  8  9 10 11 12 |
---------------+-------------------------------------+-----
Armour         | 2 3 4 5 6 |  6.7
Dodging        | 3 4 5 6 7 8 9 |  9.8
Fighting       | 4 5 6 8 9 10 12 | 12.0
Short Blades   | 5 6 8 10 11 12 13 | 13.6
Evocations     | 1 2 3 4 5 6 7 9 |  9.0
Shields        | 1 2 4 |  4.1

Action                   |  1- 3 |  4- 6 |  7- 9 | 10-12 | 13-15 || total
-------------------------+-------+-------+-------+-------+-------++-------
Melee: Short sword       |   101 |   191 |   491 |   530 |       ||  1313
       Rapier            |       |       |       |   597 |    16 ||   613
Invok: Berserk           |     2 |    12 |    21 |    31 |     1 ||    67
       Trog's Hand       |       |     1 |     1 |     2 |       ||     4
       Burn Spellbooks   |       |       |       |     1 |       ||     1
 Abil: Evoke Berserk Rag |       |       |       |     1 |       ||     1
Evoke: Wand              |       |       |     4 |     5 |       ||     9
  Use: Scroll            |       |     6 |     5 |    11 |       ||    22
       Potion            |       |     1 |     2 |    10 |       ||    13
  Eat: Chunk             |    10 |    14 |    34 |    74 |       ||   132
Armor: Animal skin       |    10 |       |       |       |       ||    10
       Scale mail        |     7 |    15 |       |       |       ||    22
       Plate armour      |       |    77 |   179 |   277 |     9 ||   542
Dodge: Dodged            |    96 |   133 |   232 |   351 |     8 ||   820
Block: Buckler           |       |       |       |   158 |     5 ||   163
